[Event "Titled Tuesday Blitz March 01 Late 2022"]
[White "Kulon, Klaudia"]
[Black "Stankovic, Ivan G"]
[WhiteFideId "1131044"]
[BlackFideId "902837"]
[WhiteElo "2281"]
[BlackElo "2195"]
[Result "0-1"]
[Round "06"]
[TimeControl "180+1"]
[Date "2022.03.02"]
[WhiteClock "0:00:58"]
[BlackClock "0:01:53"]

1. c4 c5 2. g3 Nc6 3. Bg2 g6 4. Nc3 Bg7 5. e3 d6 6. Nge2 e5 7. O-O Nge7 8. d3 O-O 9. a3 Be6 10. Nd5 Rb8 11. Nec3 a6 12. a4 Nb4 13. e4 Nexd5 14. Nxd5 Nxd5 15. cxd5 Bd7 16. a5 b5 17. axb6 Qxb6 18. h3 a5 19. Kh2 a4 20. f4 exf4 21. gxf4 Bxb2 22. Rb1 a3 23. Bxb2 axb2 24. Rf2 c4 25. Rfxb2 Qxb2 26. Rxb2 Rxb2 27. dxc4 Ra8 28. Kg3 Ra3+ 29. Bf3 Rbb3 30. e5 Rxf3+ 31. Qxf3 Rxf3+ 32. Kxf3 dxe5 33. fxe5 Bxh3 34. c5 Kf8 35. c6 Ke8 36. d6 g5 37. Kg3 Be6 38. c7 Kd7 39. Kf2 h5 40. Kg3 h4+ 41. Kg2 g4 42. Kf2 Bd5 43. Ke2 h3 0-1


[Site "https://www.chess.com"]

[Event "Titled Tuesday Blitz March 01 Late 2022"]
[White "Ladan, Nicholas"]
[Black "Aldokhin, Ivan"]
[WhiteFideId "30918855"]
[BlackFideId "24115720"]
[WhiteElo "2366"]
[BlackElo "2231"]
[Result "0-1"]
[Round "06"]
[TimeControl "180+1"]
[Date "2022.03.02"]
[WhiteClock "0:00:01"]
[BlackClock "0:00:29"]

1. d4 Nf6 2. Bf4 g6 3. Nc3 Bg7 4. e4 d6 5. Qd2 h6 6. f3 Nc6 7. Bc4 a6 8. a3 b5 9. Ba2 Bb7 10. Nge2 e5 11. dxe5 dxe5 12. Be3 Qxd2+ 13. Bxd2 Rd8 14. O-O-O Nd4 15. Nxd4 exd4 16. Ne2 c5 17. Ba5 Rc8 18. Nf4 h5 19. Rhe1 h4 20. e5 Nh5 21. Nd5 Bxd5 22. Bxd5 Nf4 23. Bb7 Rb8 24. Bxa6 Kd7 25. b4 Kc6 26. bxc5 Ra8 27. Rxd4 Rxa6 28. Rxf4 Bh6 29. Bd2 Bxf4 30. Bxf4 Rxa3 31. Kb2 Ra4 32. Bg5 Rb4+ 33. Kc3 Rc4+ 34. Kd3 h3 35. g4 Ra8 36. Be7 Ra3+ 37. Kd2 Rxf3 38. Re2 Rxg4 39. e6 Rg2 40. exf7 Rxf7 41. Bd6 g5 42. Ke3 g4 43. Rd2 Rf3+ 44. Ke4 Rxd2 45. c4 bxc4 46. Bg3 Rxg3 47. hxg3 h2 0-1


[Site "https://www.chess.com"]

[Event "Titled Tuesday Blitz March 01 Late 2022"]
[White "Leiva, Gianmarco"]
[Black "Urazayev, Arystanbek"]
[WhiteFideId "3804399"]
[BlackFideId "13709810"]
[WhiteElo "2328"]
[BlackElo "2321"]
[Result "0-1"]
[Round "06"]
[TimeControl "180+1"]
[Date "2022.03.01"]
[WhiteClock "0:00:03"]
[BlackClock "0:01:05"]

1. d4 d5 2. Nf3 Nf6 3. c4 dxc4 4. Qa4+ Nbd7 5. g3 a6 6. Qxc4 b5 7. Qc2 Bb7 8. Bg2 e6 9. O-O c5 10. dxc5 Bxc5 11. Bg5 Rc8 12. Qd1 Qb6 13. Nc3 O-O 14. Ne1 Bxg2 15. Kxg2 h6 16. Bxf6 Nxf6 17. e3 Rfd8 18. Qf3 Rd2 19. Rb1 Bxe3 20. Ra1 Bd4 21. Rb1 e5 22. Ne4 Nxe4 23. Qxe4 Rxb2 24. Rxb2 Bxb2 25. Qf5 Qc6+ 26. Kg1 g6 27. Qg4 Kg7 28. h4 h5 29. Qg5 e4 30. Ng2 Bf6 31. Qf4 Qe6 32. Qd2 Rc4 33. Re1 Ra4 34. Re2 Rd4 35. Qc2 a5 36. Kh2 a4 37. a3 Qc4 38. Qb2 Rd1 39. Ne3 Bxb2 40. Nxc4 Bc1 41. Ne3 Rd3 42. Ng2 Bxa3 43. Rxe4 Bd6 44. Re8 a3 45. Ra8 b4 46. Ne3 Rxe3 47. fxe3 b3 48. Ra4 b2 49. Rxa3 Bxa3 50. g4 b1=Q 0-1


[Site "https://www.chess.com"]

[Event "Titled Tuesday Blitz March 01 Late 2022"]
[White "Li, Ben"]
[Black "Kevlishvili, Robby"]
[WhiteFideId "2089980"]
[BlackFideId "1040634"]
[WhiteElo "2267"]
[BlackElo "2584"]
[Result "1/2-1/2"]
[Round "06"]
[TimeControl "180+1"]
[Date "2022.03.01"]
[WhiteClock "0:00:11"]
[BlackClock "0:00:21"]

1. d4 Nf6 2. c4 e6 3. Nf3 d5 4. Nc3 Be7 5. Bf4 O-O 6. a3 a6 7. e3 dxc4 8. Bxc4 b5 9. Bd3 Bb7 10. O-O Nbd7 11. b4 Nh5 12. Be5 Bxf3 13. Qxf3 Nxe5 14. Bxh7+ Kxh7 15. Qxh5+ Kg8 16. Qxe5 Bf6 17. Qe4 Re8 18. f4 Qd7 19. Rfc1 a5 20. Qd3 axb4 21. axb4 Rxa1 22. Rxa1 e5 23. fxe5 Bxe5 24. Qxb5 c6 25. Qc4 Bf6 26. Nd1 g6 27. Rc1 Re6 28. Qc2 Qd5 29. Qd2 Qe4 30. h3 Bg5 31. Rc3 Rf6 32. Nf2 Qb1+ 33. Rc1 Qf5 34. Ng4 Re6 35. Rf1 Qxg4 36. hxg4 Bxe3+ 37. Qxe3 Rxe3 38. Rc1 Rd3 39. Rc4 Kf8 40. Kf2 Ke7 41. Ke2 Rb3 42. Rxc6 Rxb4 43. Ke3 Rb2 44. Kf3 Rd2 45. Rc4 Ke6 46. Ra4 Kf6 47. g3 Rd3+ 48. Kf2 Kg5 49. d5 Rxd5 50. Rf4 f6 51. Kf3 Rd3+ 52. Kf2 Ra3 53. Rb4 Ra2+ 54. Kf3 Ra5 55. Kg2 Re5 56. Kh3 Re2 57. Rb5+ Kh6 58. Rb6 Rf2 59. Rc6 Kg7 60. Rb6 Kf7 61. Ra6 Ke7 62. Rb6 Kf7 63. Ra6 Kg7 64. Rb6 Kh6 65. Ra6 Kg7 66. Rb6 1/2-1/2


[Site "https://www.chess.com"]

[Event "Titled Tuesday Blitz March 01 Late 2022"]
[White "Maksimovic, Bojan"]
[Black "Landaw, Julian"]
[WhiteFideId "14408120"]
[BlackFideId "2023342"]
[WhiteElo "2450"]
[BlackElo "2312"]
[Result "0-1"]
[Round "06"]
[TimeControl "180+1"]
[Date "2022.03.01"]
[WhiteClock "0:00:09"]
[BlackClock "0:00:48"]

1. a3 e5 2. c4 Nc6 3. b4 g6 4. Bb2 Bg7 5. g3 d6 6. Bg2 Be6 7. d3 a6 8. Nd2 f5 9. e3 Nf6 10. Ne2 O-O 11. O-O Qd7 12. f4 Ng4 13. Rf3 e4 14. dxe4 Bxb2 15. Rb1 Bg7 16. h3 Nf6 17. exf5 Bxf5 18. Rc1 Bxh3 19. Bxh3 Qxh3 20. Nf1 Rae8 21. b5 Ne7 22. bxa6 bxa6 23. c5 d5 24. c6 Ne4 25. Nh2 Qe6 26. Qd3 g5 27. g4 Qd6 28. f5 Nxc6 29. Qc2 Ne5 30. Rff1 c5 31. Rfd1 Nc4 32. Qxc4 dxc4 33. Rxd6 Nxd6 34. Kf2 c3 35. Kf3 Nc4 36. e4 Nd2+ 37. Ke3 Rxe4+ 38. Kf2 Ra4 39. Nxc3 Bxc3 40. Rxc3 Ne4+ 41. Kg2 Nxc3 42. Nf3 Rxg4+ 43. Kh3 Rf4 44. Nh2 Rh4+ 45. Kg3 Rxh2 46. Kg4 Rxf5 47. Kg3 Rh4 48. Kg2 Rd4 49. Kg3 h5 50. Kg2 Rd3 51. Kg1 Re5 52. Kg2 Re2+ 53. Kf1 Rd1# 0-1


[Site "https://www.chess.com"]

[Event "Titled Tuesday Blitz March 01 Late 2022"]
[White "Martins, Carlos"]
[Black "Adewumi, Tanitoluwa"]
[WhiteFideId "2101688"]
[BlackFideId "30966396"]
[WhiteElo "2183"]
[BlackElo "2545"]
[Result "1/2-1/2"]
[Round "06"]
[TimeControl "180+1"]
[Date "2022.03.02"]
[WhiteClock "0:00:09"]
[BlackClock "0:00:02"]

1. e4 c6 2. d4 d5 3. Nc3 g6 4. h3 Bg7 5. Nf3 dxe4 6. Nxe4 Nf6 7. Nxf6+ exf6 8. Be3 O-O 9. Qd2 Re8 10. O-O-O Be6 11. Kb1 Nd7 12. Bh6 Bh8 13. c4 Nb6 14. b3 a5 15. a4 Qe7 16. Ka2 Nc8 17. Bd3 b5 18. cxb5 cxb5 19. Bxb5 Nd6 20. Bxe8 Qxe8 21. d5 Ne4 22. Qe3 f5 23. Rd4 Bxd5 24. Rc1 Be6 25. Rc7 Rb8 26. Rdc4 Bxc4 27. Rxc4 Qe6 28. Nd4 Qf6 29. f3 Nd6 30. Qf4 Rd8 31. Bg5 Nxc4 32. Bxf6 Bxf6 33. bxc4 Rxd4 34. Qb8+ Kg7 35. Qb5 Rd2+ 36. Kb1 Rd4 37. Kc2 f4 38. c5 Rb4 39. Qxa5 Rb2+ 40. Kd3 Rxg2 41. c6 Rf2 42. c7 Rxf3+ 43. Ke4 Re3+ 44. Kxf4 Re8 45. Qa6 Be5+ 46. Kf3 Bxc7 47. Qc4 Be5 48. a5 h5 49. a6 Bb8 50. Qc5 Re6 51. a7 Bxa7 52. Qxa7 Rf6+ 53. Kg3 Re6 54. h4 Kg8 55. Kf4 Kg7 56. Kg5 Re5+ 57. Kf4 Rf5+ 58. Kg3 Kg8 59. Qe7 Kh7 60. Qf8 Rf6 61. Qe7 Rf5 62. Qf8 Rf1 63. Kg2 Rf6 64. Kg3 Rf5 65. Kg2 Rf4 66. Kg3 Rf5 67. Kg2 Rf6 68. Kg3 Rf5 1/2-1/2


[Site "https://www.chess.com"]

[Event "Titled Tuesday Blitz March 01 Late 2022"]
[White "Maze, Sebastien"]
[Black "Suarez Uriel, Adrian"]
[WhiteFideId "613762"]
[BlackFideId "22230874"]
[WhiteElo "2462"]
[BlackElo "2316"]
[Result "1/2-1/2"]
[Round "06"]
[TimeControl "180+1"]
[Date "2022.03.02"]
[WhiteClock "0:00:05"]
[BlackClock "0:00:25"]

1. e4 c5 2. Nf3 Nc6 3. Bb5 g6 4. O-O Bg7 5. Re1 e5 6. Bxc6 dxc6 7. d3 Qe7 8. a3 Nf6 9. h3 O-O 10. Be3 Ne8 11. b4 cxb4 12. axb4 Qxb4 13. Nbd2 Nc7 14. Nc4 Qe7 15. Bxa7 Be6 16. Ncxe5 Bxh3 17. gxh3 Bxe5 18. Nxe5 Qxe5 19. Be3 Nb5 20. Rxa8 Rxa8 21. Qg4 h5 22. Qh4 Nd4 23. Bxd4 Qxd4 24. Qe7 Ra2 25. Re2 c5 26. e5 Ra1+ 27. Kg2 Qd5+ 28. Re4 Ra6 29. f3 Re6 30. Qc7 b5 31. h4 Kg7 32. Kg3 Rc6 33. Qb7 c4 34. e6 Qd6+ 35. f4 Rc7 36. Qxb5 cxd3 37. Qxd3 Qxd3+ 38. cxd3 fxe6 39. Rxe6 Rd7 40. Re3 Kf6 41. Kf3 Ra7 42. Re5 Ra1 43. d4 Rh1 44. d5 Rxh4 45. d6 Rh3+ 46. Ke4 Rh1 47. Rd5 Re1+ 48. Kd4 Re8 49. Kc5 h4 50. d7 Rd8 51. Kd6 h3 52. Rd3 Kf5 53. Rxh3 Kxf4 54. Ke7 Rxd7+ 55. Kxd7 g5 56. Ke6 g4 57. Rh1 g3 58. Kd5 g2 59. Ra1 Kf3 60. Kd4 Kf2 61. Kd3 g1=Q 62. Rxg1 Kxg1 1/2-1/2


[Site "https://www.chess.com"]

[Event "Titled Tuesday Blitz March 01 Late 2022"]
[White "Mekhitarian, Krikor Sevag"]
[Black "Csonka, Balazs"]
[WhiteFideId "2107660"]
[BlackFideId "742910"]
[WhiteElo "2598"]
[BlackElo "2404"]
[Result "1-0"]
[Round "06"]
[TimeControl "180+1"]
[Date "2022.03.01"]
[WhiteClock "0:00:18"]
[BlackClock "0:00:01"]

1. e4 e5 2. Bc4 Nf6 3. d3 c6 4. Nf3 d5 5. Bb3 Bb4+ 6. Bd2 Bxd2+ 7. Nbxd2 Qd6 8. O-O O-O 9. Re1 Bg4 10. h3 Bxf3 11. Nxf3 dxe4 12. dxe4 Qe7 13. c3 Nbd7 14. Qe2 a5 15. a3 h6 16. Bc2 a4 17. g3 g6 18. Kg2 Kg7 19. Rad1 Rfd8 20. Rd2 Nc5 21. Red1 Rxd2 22. Rxd2 b5 23. Qe3 Nb7 24. c4 Na5 25. Bd3 Rb8 26. cxb5 cxb5 27. Rc2 b4 28. Qc5 Qxc5 29. Rxc5 bxa3 30. bxa3 Nb7 31. Rb5 Nd7 32. Nxe5 Nxe5 33. Rxe5 Nd6 34. Rd5 Ne8 35. Rb5 1-0


[Site "https://www.chess.com"]

[Event "Titled Tuesday Blitz March 01 Late 2022"]
[White "Mickiewicz, Piotr"]
[Black "Gelman, Alexander"]
[WhiteFideId "1114891"]
[BlackFideId "4118316"]
[WhiteElo "2266"]
[BlackElo "2375"]
[Result "0-1"]
[Round "06"]
[TimeControl "180+1"]
[Date "2022.03.02"]
[WhiteClock "0:00:03"]
[BlackClock "0:00:05"]

1. Nf3 Nf6 2. b3 c5 3. Bb2 d6 4. e3 e6 5. Bb5+ Nbd7 6. c4 a6 7. Bxd7+ Bxd7 8. d3 Bc6 9. Nbd2 Be7 10. O-O Qc7 11. e4 O-O 12. Re1 b5 13. g3 Rab8 14. Qc2 h6 15. Re2 Ba8 16. Rae1 Rfd8 17. Nh4 Nd7 18. Ng2 Bf8 19. f4 d5 20. Nf3 dxc4 21. dxc4 bxc4 22. bxc4 Nb6 23. Be5 Bd6 24. Ne3 Bxe5 25. Nxe5 Rd4 26. N3g4 f6 27. Nf3 Rxc4 28. Qd3 Rd8 29. Qb1 Rb4 30. Qc2 c4 31. Qc3 Qc5+ 32. Kg2 Na4 33. Nxf6+ Kf8 34. Qa1 c3 35. Ng4 Rb2 36. Nf2 Qc4 37. Rd1 Qxe2 38. Rxd8+ Ke7 39. Rxa8 Qxf2+ 40. Kh3 Qxf3 41. Qd1 Qxd1 42. Ra7+ Kf6 43. Rf7+ Kxf7 44. e5 Rxa2 45. Kh4 g5+ 46. Kh3 Qh5# 0-1


[Site "https://www.chess.com"]

[Event "Titled Tuesday Blitz March 01 Late 2022"]
[White "Migot, Tangi"]
[Black "Kaasen, Tor Fredrik"]
[WhiteFideId "662445"]
[BlackFideId "1516647"]
[WhiteElo "2504"]
[BlackElo "2335"]
[Result "0-1"]
[Round "06"]
[TimeControl "180+1"]
[Date "2022.03.02"]
[WhiteClock "0:00:22"]
[BlackClock "0:01:26"]

1. d4 d5 2. Nf3 Nf6 3. Bf4 Bg4 4. Ne5 Bf5 5. Nd2 e6 6. e3 Bd6 7. h3 O-O 8. g4 Bg6 9. h4 h5 10. Nxg6 fxg6 11. Bxd6 Qxd6 12. gxh5 gxh5 13. Be2 e5 14. Nf3 exd4 15. Qxd4 Nc6 16. Qa4 Ne4 17. Rf1 b5 18. Bxb5 Nb4 19. Be2 Qc5 20. c3 Nxc3 21. Qb3 Nxe2 22. Kxe2 Qb5+ 0-1


[Site "https://www.chess.com"]

[Event "Titled Tuesday Blitz March 01 Late 2022"]
[White "Mikhalsky, Vladimir"]
[Black "Janaszak, Dawid"]
[WhiteFideId "14144352"]
[BlackFideId "1119206"]
[WhiteElo "2248"]
[BlackElo "2199"]
[Result "1/2-1/2"]
[Round "06"]
[TimeControl "180+1"]
[Date "2022.03.02"]
[WhiteClock "0:00:05"]
[BlackClock "0:00:09"]

1. c4 b5 2. cxb5 a6 3. bxa6 Bxa6 4. Nf3 Nf6 5. g3 c5 6. Bg2 Nc6 7. O-O e6 8. d4 d5 9. Nc3 Be7 10. dxc5 Bxc5 11. b3 O-O 12. Bb2 Qe7 13. a3 Ba7 14. b4 Rab8 15. Rc1 Rfc8 16. Re1 h6 17. e4 Ng4 18. Rc2 d4 19. Na4 d3 20. Rd2 e5 21. Nh4 Nxf2 22. Rxf2 Bxf2+ 23. Kxf2 Nxb4 24. axb4 Rc2+ 25. Kg1 Qxb4 26. Bxe5 Re8 27. Bxg7 Kxg7 28. Nf5+ Kf8 29. Qa1 Qxe1+ 30. Qxe1 d2 31. Qd1 Rc1 32. Nb2 Be2 33. Ne3 Rb8 34. Kf2 Bxd1 35. Nbxd1 Rbb1 36. Ke2 Ra1 37. Kxd2 Rcb1 38. Ke2 Ra2+ 39. Kf3 Ra3 40. Kf4 Rb6 41. Bf3 Rf6+ 42. Nf5 Ra2 43. Ne3 Rfa6 44. h4 R2a4 45. Nd5 Ra1 46. Nc7 Ra7 47. Nd5 R7a4 48. Nxh6 Rf1 49. Nf5 Ra3 50. Nd4 Ra4 51. Ke5 Rfa1 52. Nf5 Ra5 53. Bg4 R1a2 54. Kf6 R2a3 55. Kg5 Ra6 56. h5 Rc6 57. h6 Rg6+ 58. Kf4 Raa6 59. Bh5 Rxh6 60. Nxh6 Rxh6 61. Bg4 Rh1 62. Bf5 Rf1+ 63. Ke5 Kg7 64. g4 Rg1 65. Kf4 Rf1+ 66. Ke5 Rg1 67. Kd6 Rf1 68. e5 Rd1 69. Kc6 Rc1+ 70. Kd6 Rd1 71. e6 fxe6 72. Bxe6 Kg6 73. Bf5+ Kg5 74. Ke6 Re1+ 75. Kf7 Rf1 76. Ne3 Rf3 77. Nd5 Rxf5+ 78. gxf5 Kxf5 1/2-1/2


[Site "https://www.chess.com"]

[Event "Titled Tuesday Blitz March 01 Late 2022"]
[White "Moral Garcia, Serafin"]
[Black "Kanyamarala, Tarun"]
[WhiteFideId "2201925"]
[BlackFideId "45004714"]
[WhiteElo "2228"]
[BlackElo "2144"]
[Result "1/2-1/2"]
[Round "06"]
[TimeControl "180+1"]
[Date "2022.03.02"]
[WhiteClock "0:00:23"]
[BlackClock "0:00:03"]

1. e4 c5 2. Nf3 Nc6 3. Bb5 g6 4. O-O Bg7 5. Re1 Nf6 6. e5 Nd5 7. Nc3 Nc7 8. Bxc6 dxc6 9. Ne4 b6 10. Nf6+ Kf8 11. Ne4 h6 12. h3 Kg8 13. d3 Kh7 14. Be3 Ne6 15. Qd2 Bb7 16. Rad1 Qd7 17. c4 Rad8 18. b4 cxb4 19. Qxb4 c5 20. Qb3 Qc6 21. a4 Rd7 22. a5 Rhd8 23. axb6 axb6 24. Re2 Qxe4 25. dxe4 Rxd1+ 26. Kh2 Bxe4 27. Qxb6 Rb1 28. Qa7 Bxf3 29. gxf3 Bxe5+ 30. Kg2 Rdd1 31. f4 Bxf4 32. Qxe7 Kg7 33. Bxc5 Bg5 34. Qa7 Nf4+ 35. Kf3 Nxe2 36. Kxe2 Rd2+ 37. Kf3 Rb3+ 38. Kg2 Bf6 39. Be3 Rd8 40. c5 Rc3 41. Qb6 g5 42. Kf3 Rc8 43. Ke4 Rc4+ 44. Kf5 Ba1 45. Qb5 Rc1 46. Qd3 R1xc5+ 47. Bxc5 Rxc5+ 48. Kg4 Bf6 49. Qe4 Re5 50. Qb7 Re6 51. f4 gxf4 52. Kxf4 Bg5+ 53. Kf5 Rf6+ 54. Ke5 Rg6 55. Qd7 Bf6+ 56. Kf4 Bh4 57. Qd4+ Bf6 58. Qd5 Rg5 59. Qd7 Kg6 60. Qe8 Rf5+ 61. Kg4 h5+ 62. Kg3 Kg7 63. Qd7 Be5+ 64. Kg2 Rg5+ 65. Kf3 Rg3+ 66. Ke4 Bf6 67. Qc8 h4 68. Qd7 Kg6 69. Qf5+ Kg7 70. Qd7 Rg5 71. Qc8 Rg3 72. Qd7 1/2-1/2


[Site "https://www.chess.com"]

[Event "Titled Tuesday Blitz March 01 Late 2022"]
[White "Osmonbekov, Talaibek"]
[Black "Petrovic, Aleksa"]
[WhiteFideId "2017253"]
[BlackFideId "967629"]
[WhiteElo "2135"]
[BlackElo "2139"]
[Result "0-1"]
[Round "06"]
[TimeControl "180+1"]
[Date "2022.03.02"]
[WhiteClock "0:01:02"]
[BlackClock "0:00:26"]

1. d4 Nf6 2. Nc3 g6 3. e4 d5 4. exd5 Nxd5 5. Nxd5 Qxd5 6. Nf3 Bg7 7. c4 Qd6 8. Be3 Bg4 9. c5 Qd5 10. Be2 Nc6 11. h3 Bf5 12. Qb3 Qxb3 13. axb3 O-O-O 14. O-O Kb8 15. Ra4 Be6 16. Bc4 Bxc4 17. Rxc4 Rd5 18. Ng5 Bxd4 19. Nxf7 Rf8 20. Nh6 Bxe3 21. fxe3 Rxf1+ 22. Kxf1 Rd2 23. Rf4 a5 24. Rf2 Rd3 25. Rf7 Rxb3 26. Rxh7 Rxb2 27. Rg7 a4 28. Rxg6 a3 29. Rg4 Nb4 30. Rg8+ Ka7 31. Rd8 a2 32. Rd1 Rb1 0-1


[Site "https://www.chess.com"]

[Event "Titled Tuesday Blitz March 01 Late 2022"]
[White "Oye-Stromberg, Alexander"]
[Black "Voit, Daria"]
[WhiteFideId "1525999"]
[BlackFideId "4182146"]
[WhiteElo "1934"]
[BlackElo "2323"]
[Result "0-1"]
[Round "06"]
[TimeControl "180+1"]
[Date "2022.03.02"]
[WhiteClock "0:00:08"]
[BlackClock "0:00:20"]

1. e4 c6 2. d4 d5 3. f3 g6 4. c3 Bg7 5. Be3 dxe4 6. fxe4 e5 7. Nf3 Bg4 8. Bc4 Nd7 9. O-O Qe7 10. Nbd2 Ngf6 11. Qb3 b5 12. Bd3 O-O 13. a4 a6 14. Qc2 Rfe8 15. h3 Bxf3 16. Rxf3 exd4 17. cxd4 c5 18. dxc5 Ne5 19. Rf2 Nxd3 20. Qxd3 Rad8 21. Qb3 Nxe4 22. Nxe4 Qxe4 23. Qxf7+ Kh8 24. Bg5 Rf8 25. Bxd8 Rxf7 26. Rxf7 Qd4+ 27. Kh1 Qxd8 28. axb5 Bxb2 29. Rb1 Qe8 30. Rbf1 Qxb5 31. Rc7 Qxf1+ 0-1


[Site "https://www.chess.com"]

[Event "Titled Tuesday Blitz March 01 Late 2022"]
[White "Paravyan, David"]
[Black "Mardov, Dimitar"]
[WhiteFideId "4194985"]
[BlackFideId "30919495"]
[WhiteElo "2569"]
[BlackElo "2185"]
[Result "1-0"]
[Round "06"]
[TimeControl "180+1"]
[Date "2022.03.01"]
[WhiteClock "0:00:02"]
[BlackClock "0:00:01"]

1. e4 e5 2. Nf3 Nc6 3. Nc3 g6 4. d4 exd4 5. Nxd4 Bg7 6. Be3 Nf6 7. Be2 O-O 8. Nxc6 bxc6 9. e5 Nd5 10. Nxd5 cxd5 11. Qxd5 Rb8 12. O-O Rxb2 13. Bd3 Bb7 14. Qd4 Rb6 15. Qg4 Bxe5 16. Bxb6 Bxa1 17. Bxa7 Bg7 18. Be3 Qa8 19. Bc4 d5 20. Bb3 d4 21. Bf4 c5 22. Bd6 Rc8 23. Bc4 Ba6 24. Bxa6 Qxa6 25. Rb1 f5 26. Qf4 Qxa2 27. Qc1 Qd5 28. Bf4 c4 29. Qd2 Re8 30. h3 d3 31. cxd3 cxd3 32. Rd1 Re2 33. Qc1 Re8 34. Be3 Rd8 35. Qc7 Qd7 36. Qc4+ Qf7 37. Qa6 Qd5 38. Rc1 d2 39. Rd1 Qd3 40. Qa2+ Qd5 41. Qc2 Qe4 42. Qb3+ Qd5 43. Qb4 Qe4 44. Qa5 Qd5 45. Qb4 Qe4 46. Qb6 Qe8 47. Qb3+ Qf7 48. Qc2 Qe8 49. Bxd2 Kh8 50. Re1 Qd7 51. Bg5 Rc8 52. Qe2 Qf7 53. Bf4 h6 54. h4 Kh7 55. g3 Rc6 56. Kh2 Rc8 57. Qf3 Rc3 58. Qg2 Rc2 59. Bd6 Rc8 60. Re7 Qf6 61. Qb7 Rg8 62. Be5 Qf8 63. Rf7 Qa8 64. Rxg7+ 1-0


[Site "https://www.chess.com"]

[Event "Titled Tuesday Blitz March 01 Late 2022"]
[White "Petrova, Irina"]
[Black "Araujo Filho, Luiz Antonio Coel"]
[WhiteFideId "14124122"]
[BlackFideId "2130661"]
[WhiteElo "1988"]
[BlackElo "2214"]
[Result "1-0"]
[Round "06"]
[TimeControl "180+1"]
[Date "2022.03.02"]
[WhiteClock "0:01:24"]
[BlackClock "0:00:09"]

1. e4 c6 2. d4 d5 3. e5 Bf5 4. h4 h5 5. Bd3 Bxd3 6. Qxd3 e6 7. Ne2 Nd7 8. Nd2 Ne7 9. Ng3 Qc7 10. Nf3 c5 11. c3 Nc6 12. Bd2 Be7 13. O-O a6 14. a3 b5 15. Bg5 Qb6 16. Bxe7 Nxe7 17. Ng5 Ng6 18. Qf3 O-O-O 19. Qxf7 Nxh4 20. Nxe6 Rde8 21. Nxc5 Nxc5 22. dxc5 Qxc5 23. Rad1 Rxe5 24. Qxg7 Rf8 25. Qxe5 1-0


[Site "https://www.chess.com"]

[Event "Titled Tuesday Blitz March 01 Late 2022"]
[White "Piesik, Piotr"]
[Black "Svane, Rasmus"]
[WhiteFideId "1136194"]
[BlackFideId "4657101"]
[WhiteElo "2232"]
[BlackElo "2645"]
[Result "1/2-1/2"]
[Round "06"]
[TimeControl "180+1"]
[Date "2022.03.01"]
[WhiteClock "0:01:13"]
[BlackClock "0:01:04"]

1. Nf3 d5 2. g3 Nd7 3. Bg2 e5 4. d3 Ngf6 5. O-O Bd6 6. Nbd2 O-O 7. e4 c6 8. Qe2 Re8 9. Nb3 a5 10. a4 b6 11. Bg5 dxe4 12. dxe4 Ba6 13. c4 h6 14. Bxf6 Qxf6 15. Rfd1 Nc5 16. Nxc5 Bxc5 17. b3 Rad8 18. Rxd8 Rxd8 19. Rd1 Rxd1+ 20. Qxd1 Bc8 21. Qd3 g6 22. h3 Kg7 23. Qc3 Bd6 24. c5 Bxc5 25. Qxe5 Qxe5 26. Nxe5 Be6 27. Nc4 Bb4 28. Bf1 b5 29. Ne5 Bxb3 30. axb5 cxb5 31. Bxb5 a4 32. Bc4 Bc3 33. Bxb3 axb3 34. Nc4 b2 35. Na3 Kf6 36. f4 Ke6 37. Kf2 Kd6 38. Nb5+ Kc5 39. Nxc3 Kd4 40. Nb1 Kxe4 41. Ke2 f5 42. Nc3+ Kd4 43. Kd2 g5 44. fxg5 hxg5 45. h4 gxh4 46. gxh4 f4 47. h5 Ke5 48. Ke2 Kf5 49. Kf3 Kg5 50. Nb1 Kxh5 51. Kxf4 Kg6 52. Ke3 Kf5 53. Kd3 Ke5 54. Kc3 Kd5 55. Kxb2 1/2-1/2


[Site "https://www.chess.com"]

[Event "Titled Tuesday Blitz March 01 Late 2022"]
[White "Pinheiro, Iung Alicio de O."]
[Black "Zubritskiy, Artyom"]
[WhiteFideId "2104350"]
[BlackFideId "4181247"]
[WhiteElo "2532"]
[BlackElo "2459"]
[Result "0-1"]
[Round "06"]
[TimeControl "180+1"]
[Date "2022.03.02"]
[WhiteClock "0:00:02"]
[BlackClock "0:00:03"]

1. e4 c5 2. Nf3 Nf6 3. e5 Nd5 4. Nc3 e6 5. Bc4 Nb6 6. d3 Nc6 7. Ne4 d5 8. exd6 Bxd6 9. Bb5 Be7 10. Bxc6+ bxc6 11. c4 O-O 12. Be3 Nd7 13. O-O Qc7 14. Bg5 f6 15. Bh4 e5 16. Nc3 Rd8 17. Nd2 Nf8 18. Qc2 Bf5 19. Nce4 Ne6 20. f3 Qd7 21. Nb3 Qxd3 22. Qf2 Bxe4 23. fxe4 Qxe4 24. Na5 Nd4 25. Rae1 Qg6 26. Kh1 Rdb8 27. Bg3 Bd8 28. Nb3 Bb6 29. Nd2 Rf8 30. Ne4 Rad8 31. Bh4 Ne6 32. b3 Rd4 33. Nc3 Ba5 34. Re3 Rf4 35. Qe1 Rd8 36. Bg3 Rxf1+ 37. Qxf1 Bxc3 38. Rxc3 Rd2 39. Bf2 Rxa2 40. Rg3 Qc2 41. Bg1 Nd4 42. Qxf6 Nf5 43. Qd8+ Kf7 44. Qd7+ Kf6 45. Qd8+ Ke6 46. Qe8+ Kf6 47. Qf8+ Ke6 48. Qe8+ Kd6 49. Qf8+ Kc7 50. Qf7+ Kb6 51. Rg5 h6 52. Rg4 Ra1 53. Rg6 Nd4 0-1


[Site "https://www.chess.com"]

[Event "Titled Tuesday Blitz March 01 Late 2022"]
[White "Ponkratov, Pavel"]
[Black "Yuan, Qingyu"]
[WhiteFideId "4157800"]
[BlackFideId "8609772"]
[WhiteElo "2487"]
[BlackElo "2359"]
[Result "0-1"]
[Round "06"]
[TimeControl "180+1"]
[Date "2022.03.01"]
[WhiteClock "0:00:15"]
[BlackClock "0:00:11"]

1. c4 g6 2. Nc3 Bg7 3. d4 c5 4. dxc5 Bxc3+ 5. bxc3 Qa5 6. Nf3 Nc6 7. e4 Nf6 8. Nd2 Qxc3 9. Rb1 Nxe4 10. Rb3 Qd4 11. Nxe4 Qxe4+ 12. Re3 Qd4 13. Bd3 Qxc5 14. O-O d6 15. Bb2 e5 16. Kh1 Be6 17. Re2 O-O 18. f4 Bxc4 19. Rc2 b5 20. f5 Nb4 21. Ba3 a5 22. f6 Qe3 23. Rf3 Qd4 24. Qc1 Qh4 25. Bxb4 axb4 26. g3 Qh5 27. Be4 d5 28. g4 Qh4 29. Bd3 e4 30. Bxc4 exf3 31. Bxd5 Rad8 32. Bxf3 Qxf6 33. Rf2 Qc3 34. Qf4 Rd4 35. Qg5 Qd3 36. Kg2 b3 37. axb3 Qxb3 38. h4 Qc3 39. h5 Rd3 40. h6 Qd4 41. Qxb5 Rd2 42. Be2 Qe4+ 43. Kh2 Qd4 44. Kg2 Qd5+ 45. Qxd5 Rxd5 46. Bc4 Rc5 47. Ba2 g5 48. Kg3 Rc3+ 49. Kg2 Rc6 50. Bd5 Rxh6 51. Rf5 Rg6 52. Kg3 Kg7 53. Be4 h6 54. Rb5 Re6 55. Bf5 Rf6 56. Kf2 Re8 57. Kf3 Re7 58. Rb8 Rd6 59. Rb3 Rc6 60. Be4 Rc4 61. Bd5 Rf4+ 62. Kg3 Rd7 63. Bf3 Rdd4 64. Re3 Rb4 65. Rc3 Ra4 66. Rd3 Ra5 67. Rc3 Rfa4 68. Rc7 Ra3 69. Kf2 Ra2+ 70. Ke3 R5a3+ 71. Ke4 Rb2 72. Bd1 Rb4+ 73. Kd5 Ra5+ 74. Kd6 Rd4+ 75. Ke7 Re5# 0-1


[Site "https://www.chess.com"]

[Event "Titled Tuesday Blitz March 01 Late 2022"]
[White "Przybylski, Wojciech"]
[Black "Hoffmann, Asa"]
[WhiteFideId "1117599"]
[BlackFideId "2001470"]
[WhiteElo "2133"]
[BlackElo "2117"]
[Result "1-0"]
[Round "06"]
[TimeControl "180+1"]
[Date "2022.03.02"]
[WhiteClock "0:00:52"]
[BlackClock "0:00:57"]

1. d4 Nf6 2. c4 c5 3. Nf3 cxd4 4. Nxd4 e5 5. Nc2 Bc5 6. Nc3 Nc6 7. Be3 d6 8. Bxc5 dxc5 9. e3 Be6 10. Be2 O-O 11. O-O e4 12. Rc1 Ne5 13. b3 Qa5 14. Na4 Rfd8 15. Qe1 Qd2 16. Nxc5 b6 17. Nxe6 fxe6 18. Nd4 Rxd4 19. exd4 Qxd4 20. Qc3 Qxc3 21. Rxc3 Rd8 22. Rd1 Rc8 23. h3 Kf7 24. Re3 Nc6 25. f3 exf3 26. Bxf3 Nb4 27. Re2 Rc5 28. a3 Na6 29. Rd6 e5 30. Bd5+ Ke7 31. Re6+ Kd7 32. R6xe5 Nc7 33. Re7+ Kd6 34. Bf3 b5 35. R7e3 Rg5 36. Rd2+ Kc5 37. b4+ Kxc4 38. Be2# 1-0


[Site "https://www.chess.com"]

[Event "Titled Tuesday Blitz March 01 Late 2022"]
[White "Rabineau, Clement"]
[Black "Morales Flores, Monserrat"]
[WhiteFideId "628891"]
[BlackFideId "3412016"]
[WhiteElo "2237"]
[BlackElo "2028"]
[Result "1-0"]
[Round "06"]
[TimeControl "180+1"]
[Date "2022.03.02"]
[WhiteClock "0:01:24"]
[BlackClock "0:02:44"]

1. e4 c5 2. c3 Nf6 3. e5 Nd5 4. d4 cxd4 5. cxd4 e6 6. Nc3 Nxc3 7. bxc3 Qc7 8. Bd2 d6 9. f4 dxe5 10. fxe5 Nc6 11. Nf3 b6 12. Bd3 Bb7 13. O-O Ne7 14. Ng5 Nf5 15. Bxf5 exf5 16. Rxf5 f6 17. exf6 gxf6 18. Qh5+ Kd8 19. Ne6+ Kc8 20. Nxc7 1-0


[Site "https://www.chess.com"]